 Dungeon Crawl Stone Soup version 0.21.1-1-g345015f (console) character file.

32 tminei the Ducker (level 3, 36/36 HPs)
             Began as a Troll Berserker on July 17, 2018.
             Was a Follower of Trog.
             Quit the game on level 2 of the Dungeon.
             The game lasted 00:12:12 (946 turns).

tminei the Ducker (Troll Berserker)                  Turns: 946, Time: 00:12:13

Health: 36/36      AC:  5    Str: 26    XL:     3   Next: 10%
Magic:  2/2        EV: 10    Int:  3    God:    Trog [*.....]
Gold:   32         SH:  0    Dex:  9    Spells: 2/2 levels left

rFire    . . .     SeeInvis .   a - +0 spear (curse)
rCold    . . .     Gourm    +   (no shield)
rNeg     . . .     Faith    .   b - +0 animal skin
rPois    .         Spirit   .   (helmet restricted)
rElec    .         Reflect  .   (no cloak)
rCorr    .         Harm     .   (gloves unavailable)
MR       .....                  (boots unavailable)
Stlth    +.........             (no amulet)
HPRegen  0.52/turn              (no ring)
MPRegen  0.08/turn              (no ring)

@: no status effects
A: large, unfitting armour, claws 3, fast metabolism 3, gourmand, regeneration
1, shaggy fur 1, tough skin 2
a: Berserk, Burn Spellbooks, Renounce Religion


You were on level 2 of the Dungeon.
You worshipped Trog.
Trog was aware of your devotion.
You were very full.

You visited 1 branch of the dungeon, and saw 2 of its levels.

You collected 32 gold pieces.

Inventory:

Hand Weapons
 a - a cursed +0 spear (weapon)
 h - a +0 hand axe
Missiles
 g - 25 arrows
Armour
 b - a +0 animal skin (worn)
Jewellery
 k - an uncursed ring of resist corrosion {unknown}
Wands
 i - a wand of random effects (25) {w}
Scrolls
 d - 3 scrolls of teleportation
 e - 3 scrolls of identify
Potions
 j - a potion of haste {unknown}
Comestibles
 c - 5 rations
 f - 6 chunks of flesh


   Skills:
 + Level 2.6 Fighting
 + Level 2.9 Axes
 + Level 0.4(1.8) Polearms
 + Level 2.9 Dodging


You had 2 spell levels left.
You didn't know any spells.

Dungeon Overview and Level Annotations

Branches:
Dungeon (2/15)

Altars:


Innate Abilities, Weirdness & Mutations

You are too large for most types of armour.
You have claws for hands.
Your metabolism is lightning-fast.
You like to eat raw meat.
Your natural rate of healing is unusually fast.
You are covered in fur. (AC +1)
You have very tough skin. (AC +2)


Message History

Are you sure you want to abandon this character and quit the game? (Confirm with "yes".)
Okay, then.
Saving game... please wait.
Welcome back, tminei the Troll Berserker.
Trog says: Kill them all!
Press ? for a list of commands and other information.
Unknown command.
Unknown command.
Clearing level map.
There is a stone staircase leading up here.
Clearing level map.
Unknown command.
Unknown command.
Unknown command.
Unknown command.
Saving game... please wait.
Welcome back, tminei the Troll Berserker.
Trog says: Kill them all!
Press ? for a list of commands and other information.
Are you sure you want to abandon this character and quit the game? (Confirm with "yes".) Ї.Ї ЇЇЇЇ

Ї.ЇЇЇЇ Ї.. Ї....Ї
Ї.ЇЇЇЇЇЇЇЇЇ
Ї.ЇЇ.ЇЇЇЇ.Ї.......Ї
ЇЇЇЇЇЇЇ.Ї...........Ї
Ї.....Ї.ЇЇЇЇЇЇЇ.Ї.Ї.ЇЇЇ
ЇЇЇ.ЇЇЇ.Ї.........Ї.....Ї
........................>.
......Ї.Ї.Ї.ЇЇ....Ї.Ї...Ї.Ї
......Ї.Ї.Ї.....Ї.Ї.ЇЇЇ.Ї Ї
......Ї...Ї.ЇЇ..@.........
......ЇЇЇЇЇ.Ї..<Ї.Ї.Ї.....
............ЇЇЇЇЇ........
.ЇЇ.......... ....Ї.ЇЇЇ
..Ї.ЇЇЇЇЇЇ... .....Ї.Ї
..Ї.Ї Ї.Ї ЇЇЇЇЇ.Ї Ї Ї.Ї
..Ї.Ї Ї.Ї .Ї Ї.Ї ..Ї.Ї Ї.Ї
ЇЇЇ ЇЇ Ї.Ї .ЇЇ.ЇЇЇЇ Ї.Ї Ї..
Ї.Ї .......Ї Ї.Ї Ї.Ї Ї.Ї
.ЇЇЇ...ЇЇЇ.Ї Ї.Ї Ї.Ї


There were no monsters in sight!

Vanquished Creatures
  An ooze (D:1)
  A worm (D:2)
  A dart slug (D:1)
  A giant cockroach (D:1)
  2 goblins (D:2)
  3 hobgoblins (D:1)
  2 jackals (D:1)
  2 ball pythons (D:1)
  3 bats (D:1)
  4 frilled lizards (D:1)
  5 rats
25 creatures vanquished.

Notes
Turn   | Place    | Note
-------+----------+-------------------------------------------
     0 | D:1      | tminei the Troll Berserker began the quest for the Orb.
     0 | D:1      | Reached XP level 1. HP: 22/22 MP: 0/0
   172 | D:1      | Reached XP level 2. HP: 29/29 MP: 1/1
   837 | D:2      | Reached XP level 3. HP: 34/36 MP: 2/2
   946 | D:2      | Quit the game

Action                   || total
-------------------------++-------
Melee: Hand axe          ||    38
       Spear             ||    31
Invok: Berserk           ||     1
Evoke: Wand              ||     1
  Use: Scroll            ||     3
  Eat: Chunk             ||    13
Armor: Animal skin       ||    41
Dodge: Dodged            ||    62
